 Dungeon Crawl Stone Soup version 0.28-a0-863-g8cecda6153 (webtiles) character file.

Game seed: 12142449740248383630

3805 demibob the Martial Artist (level 9, -4/62 (63) HPs)
             Began as a Demonspawn Chaos Knight on Nov 19, 2021.
             Was a Plaything of Xom.
             Slain by an orc (9 damage)
             ... on level 8 of the Dungeon.
             The game lasted 00:15:31 (8454 turns).

demibob the Martial Artist (DsCK)                   Turns: 8454, Time: 00:15:32

HP:   -4/62 (63)    AC:  5    Str: 12    XL:     9   Next: 96%
MP:   9/9           EV: 11    Int: 11    God:    Xom [.*....]
Gold: 380           SH:  0    Dex: 15    Spells: 8/8 levels left

rFire   . . .      SeeInvis .     - Unarmed
rCold   . . .      Faith    .   (no shield)
rNeg    . . .      Spirit   .   b - +2 leather armour
rPois   .          Reflect  .   (helmet restricted)
rElec   +          Harm     .   (no cloak)
rCorr   +          Rampage  .   (no gloves)
Will    .....                   (no boots)
Stlth   +.........              (no amulet)
HPRegen 0.20/turn               R - ring of resist corrosion
MPRegen 0.11/turn               L - ring of flight

@: about to teleport, flying, lightly drained, unable to read
A: antennae 2, hooves 1, demonic magic 1, demonic touch 1, dopey 1, mutation
resistance 1, sense surroundings 1, electricity resistance, weak 1, inability to
read while threatened
a: Renounce Religion


You were on level 8 of the Dungeon.
You worshipped Xom.
You were a plaything of Xom.
You visited 1 branch of the dungeon, and saw 8 of its levels.

You collected 392 gold pieces.
You spent 12 gold pieces at shops.


Innate Abilities, Weirdness & Mutations

You have a pair of antennae on your head.
You have large cloven feet.
Spells you cast may paralyse adjacent enemies.
Your touch may inflict minor irresistible damage on your foes.
You are dopey. (Int -2)
You are somewhat resistant to further mutation.
You passively map a small area around you.
You are resistant to electric shocks. (rElec)
You are weak. (Str -2)
You sometimes lose the ability to read scrolls when taking damage.


   Skills:
 - Level 3.0 Fighting
 - Level 3.3 Polearms
 + Level 3.7 Armour
 - Level 0.8 Dodging
 + Level 12.4 Unarmed Combat


You had 8 spell levels left.
You didn't know any spells.
Your spell library contained the following spells:

 Spells                   Type           Power      Damage    Failure   Level
 Sandblast                Erth           0%         2d4       41%         1
 Passwall                 Tmut/Erth      0%         N/A       56%         2
 Sublimation of Blood     Necr           0%         N/A       56%         2
 Stone Arrow              Conj/Erth      0%         3d7       80%         3
 Petrify                  Tmut/Erth      0%         N/A       99%         4
 Irradiate                Conj/Tmut      0%         3d14      100%        5

Inventory:

Hand Weapons
 a - a +1 spear of protection
Missiles
 e - 2 atropa-tipped darts (quivered)
Armour
 b - a +2 leather armour (worn)
 c - a +0 helmet
Jewellery
 C - a ring of ice
 L - a ring of flight (right hand)
 M - a ring of magical power
 R - a ring of resist corrosion (left hand)
Wands
 r - a wand of flame (15)
Scrolls
 d - a scroll of identify {@r1}
 g - a scroll of blinking
 i - 2 scrolls of enchant weapon
 j - 2 scrolls of amnesia
 l - a scroll of brand weapon
 m - a scroll of magic mapping
 o - a scroll of fog
 p - a scroll of vulnerability
Potions
 f - 3 potions of flight
 k - a potion of attraction
 n - a potion of curing {@q1}
 q - a potion of might

Dungeon Overview and Level Annotations

Branches:
Dungeon (8/15)             Temple (0/1) D:5
   Lair: D:8-11

Altars:
Cheibriados
Elyvilon
Gozag
Makhleb
Okawaru
Sif Muna
Uskayaw
Wu Jian
Yredelemnul
Zin

Shops:
D:1 (   D:4 : D:5

* *## .. , *
############## .# *
.............# *.#
.###########.#####.#
* .##
#..........@KK# #.##
#.#####.####o.#**
##.###.# #.# #K....
,, #.....# ###*
#######* ##.###.## ,
, , , , ,, #.###...#
, , , , , .....# ,
######' * ,, , ..# *
* * *


You could see a kobold brigand, an orc and 2 kobolds.


Message History

The kobold brigand unwields a +0 hand crossbow.
The kobold brigand wields a +0 short sword.
The kobold brigand hits you with a +0 short sword.
* * * LOW HITPOINT WARNING * * *
Items here: ( ))) ? ††.
You are too injured to fight recklessly!
You are too injured to fight recklessly!
You are too injured to fight recklessly!
You punch the kobold brigand! Your kick misses the kobold brigand.
You punch the kobold brigand.
The kobold brigand is heavily wounded.
You can read scrolls again.
The kobold hits you with a +0 club.
* * * LOW HITPOINT WARNING * * *
The orc closely misses you.
As you read the scroll of teleportation {@r2}, it crumbles to dust.
You feel strangely unstable.
The kobold brigand hits you with a +0 short sword.
You feel threatened and lose the ability to read scrolls!
* * * LOW HITPOINT WARNING * * *
The orc hits you with a +0 flail!
* * * LOW HITPOINT WARNING * * *
The kobold hits you with a +0 club.
* * * LOW HITPOINT WARNING * * *
The kobold brigand unwields a +0 short sword.
The kobold brigand wields a +0 hand crossbow.
The kobold brigand shoots a bolt.
The bolt hits you!
* * * LOW HITPOINT WARNING * * *
The orc hits you with a +0 flail!
You die...

Skill      XL: |  1  2  3  4  5  6  7  8  9 |
---------------+----------------------------+-----
Polearms       | 3 |  3.3
Unarmed Combat | 1 2 4 5 6 9 10 12 | 12.4
Armour         | 3 |  3.7
Fighting       | |  3.0
Dodging        | |  0.8

Action                   |  1- 3 |  4- 6 |  7- 9 || total
-------------------------+-------+-------+-------++-------
Melee: Spear             |   101 |    25 |       ||   126
       Touch             |    11 |    19 |    61 ||    91
       Kick              |       |    20 |    93 ||   113
       Punch             |       |     1 |    12 ||    13
       Unarmed           |       |    58 |   346 ||   404
Evoke: Wand              |       |     8 |     1 ||     9
  Use: Potion            |     4 |     1 |     7 ||    12
       Scroll            |     3 |       |    13 ||    16
 Stab: Paralysed         |     1 |     1 |       ||     2
       Petrifying        |     1 |       |       ||     1
       Sleeping          |     2 |       |       ||     2
       Confused          |       |       |     1 ||     1
       Distracted        |       |       |     2 ||     2
       Invisible         |       |       |     1 ||     1
Armor: Leather armour    |    25 |    24 |    70 ||   119
Dodge: Dodged            |    39 |    38 |   150 ||   227

Levels and vault maps discovered:
D:1:      wheals_arrival_shading, layout_rooms, serial_shops,
          nicolae_diamond_shop, hellmonk_ecumenical_altar_pennies_from_heaven,
          minmay_tetromino_s4
D:2:      layout_basic, minmay_unequal, uniq_robin
D:3:      layout_basic, lemuel_round_altar, uniq_pargi, uniq_ijyb
D:4:      layout_rooms, grunt_temple_overflow_cloverleaf,
          nicolae_shop_self_help, uniq_grinder
D:5:      layout_loops_ring, zin_academy, minmay_temple_entry_mist,
          nicolae_elemental_shop, uniq_pikel
D:6:      layout_gridville, kennysheep_okawaru_gauntlet, lightli_temple_of_fire,
          kennysheep_boxes
D:7:      layout_basic, overflow_temple_1_default, slow_altar_2,
          columned_hall_lemuel
D:8:      kennysheep_blocky_hall, layout_loops_ring,
          mainiacjoe_overflow_small_starburst, nicolae_figureground_sparkle

Notes
Turn   | Place    | Note
-------+----------+-------------------------------------------
     0 | D:1      | demibob the Demonspawn Chaos Knight began the quest for the
                  | Orb.
     0 | D:1      | Reached XP level 1. HP: 18/18 MP: 1/1
    84 | D:1      | XOM: divination: detect items
   121 | D:1      | Found Rizosof's Weapon Shoppe.
   159 | D:1      | Bought 2 atropa-tipped darts for 12 gold pieces
   177 | D:1      | Found a faded altar of an unknown god.
   224 | D:1      | Reached skill level 3 in Polearms
   462 | D:2      | XOM: potion effect (curing)
   475 | D:2      | You feel monstrous as your demonic heritage exerts itself.
   475 | D:2      | Discovered your monstrous ancestry.
   475 | D:2      | Gained mutation: Your touch may inflict minor irresistible
                  | damage on your foes. [demonic ancestry]
   475 | D:2      | Reached XP level 2. HP: 24/24 MP: 2/2
   537 | D:2      | Reached skill level 1 in Unarmed Combat
   592 | D:2      | XOM: 1-stop teleportation journey
   603 | D:2      | XOM: confusion
   606 | D:2      | XOM: enchant monster (good)
   697 | D:2      | Reached XP level 3. HP: 28/29 MP: 3/3
   760 | D:2      | Reached skill level 2 in Unarmed Combat
  1076 | D:2      | Noticed Robin
  1080 | D:2      | Gained mutation: You passively map a small area around you.
                  | [potion of mutation]
  1099 | D:2      | Killed Robin
  1100 | D:2      | Gained mutation: You have large cloven feet. [demonic
                  | ancestry]
  1100 | D:2      | Reached XP level 4. HP: 20/35 MP: 4/4
  1344 | D:3      | XOM: give mutations
  1344 | D:3      | Gained mutation: Your spells are a little easier to cast,
                  | but a little less powerful. [Xom's mischief]
  1344 | D:3      | Lost mutation: Your spells are a little easier to cast, but
                  | a little less powerful. [Xom's mischief]
  1360 | D:3      | Found an opulent altar of Gozag.
  1414 | D:3      | Noticed Ijyb
  1435 | D:3      | Killed Ijyb
  1436 | D:3      | Reached skill level 3 in Unarmed Combat
  1620 | D:3      | Noticed Pargi
  1623 | D:3      | Killed Pargi
  1624 | D:3      | Reached skill level 4 in Unarmed Combat
  1624 | D:3      | Gained mutation: You have a pair of small antennae on your
                  | head. [demonic ancestry]
  1624 | D:3      | Reached XP level 5. HP: 41/41 MP: 5/5
  1860 | D:3      | XOM: give mutation
  1860 | D:3      | Gained mutation: You are weak. (Str -2) [Xom's mischief]
  1964 | D:3      | Noticed a phantom
  1969 | D:3      | Noticed a necrophage
  1979 | D:3      | Killed a phantom
  1980 | D:3      | Reached skill level 5 in Unarmed Combat
  1980 | D:3      | Gained mutation: Spells you cast may paralyse adjacent
                  | enemies. [demonic ancestry]
  1980 | D:3      | Reached XP level 6. HP: 44/47 MP: 6/6
  2185 | D:4      | Found Luimuo's Self-Improvement Boutique.
  2334 | D:4      | Found a basalt altar of Yredelemnul.
  2337 | D:4      | Found an ornate altar of the Wu Jian Council.
  2353 | D:4      | Found a hide-covered altar of Uskayaw.
  2406 | D:4      | Noticed Grinder
  2411 | D:4      | Killed Grinder
  2412 | D:4      | Reached skill level 6 in Unarmed Combat
  2412 | D:4      | Reached XP level 7. HP: 45/52 MP: 7/7
  2566 | D:4      | XOM: summons 4 hostile demons
  2842 | D:4      | Reached skill level 7 in Unarmed Combat
  3132 | D:5      | Entered Level 5 of the Dungeon
  3132 | D:5      | Found a staircase to the Ecumenical Temple.
  3159 | D:5      | Found Oxahicai's Elemental Accessories.
  3170 | D:5      | XOM: give mutations
  3170 | D:5      | Gained mutation: You are somewhat resistant to further
                  | mutation. [Xom's mischief]
  3170 | D:5      | Gained mutation: Your body sometimes deteriorates upon
                  | taking damage. [Xom's mischief]
  3170 | D:5      | Lost mutation: Your body sometimes deteriorates upon taking
                  | damage. [Xom's mischief]
  3170 | D:5      | Gained mutation: You are resistant to electric shocks.
                  | (rElec) [Xom's mischief]
  3711 | D:5      | Reached skill level 8 in Unarmed Combat
  3780 | D:5      | Identified the +1 ring mail of the Raven {Drain Str+5}
  3821 | D:5      | Noticed Pikel
  3825 | D:5      | XOM: cast spell 'Alistair's Intoxication'
  3829 | D:5      | XOM: fog
  3842 | D:5      | Killed Pikel
  3843 | D:5      | Reached skill level 9 in Unarmed Combat
  3843 | D:5      | Gained mutation: You have a pair of antennae on your head.
                  | [demonic ancestry]
  3843 | D:5      | Reached XP level 8. HP: 25/58 MP: 8/8
  4346 | D:5      | XOM: stat loss: -1 Str (10/11)
  4673 | D:6      | Reached skill level 10 in Unarmed Combat
  4837 | D:6      | Found an iron altar of Okawaru.
  4838 | D:6      | XOM: swap monsters
  4888 | D:6      | Reached XP level 9. HP: 40/63 MP: 9/9
  4888 | D:6      | XOM: smoke on damage
  5521 | D:6      | Reached skill level 11 in Unarmed Combat
  5800 | D:6      | Found a burning altar of Makhleb.
  6341 | D:7      | Found a shimmering blue altar of Sif Muna.
  6437 | D:7      | Found a snail-covered altar of Cheibriados.
  6517 | D:7      | XOM: 3-stop teleportation journey
  6772 | D:7      | XOM: 4-stop teleportation journey
  6803 | D:7      | XOM: 2-stop teleportation journey
  7026 | D:7      | Reached skill level 12 in Unarmed Combat
  7550 | D:7      | XOM: give mutations
  7550 | D:7      | Gained mutation: You sometimes lose the ability to read
                  | scrolls when taking damage. [Xom's mischief]
  7550 | D:7      | Gained mutation: You are dopey. (Int -2) [Xom's mischief]
  7775 | D:8      | XOM: summons friendly shadow imp
  7790 | D:8      | XOM: summons friendly white imp
  7791 | D:8      | Reached skill level 2 in Armour
  7798 | D:8      | XOM: summons friendly crimson imp
  7806 | D:8      | Reached skill level 3 in Armour
  8047 | D:8      | XOM: noise
  8338 | D:8      | XOM: 1-stop teleportation journey
  8454 | D:8      | HP: 5/62 [kobold brigand/bolt (10)]
  8454 | D:8      | Slain by an orc

Vanquished Creatures
  Pikel (D:5)
  Grinder (D:4)
  5 yaks (D:8)
  A steam dragon (D:7)
  A hornet zombie (D:6)
  Pargi (D:3)
  2 ogres
  3 black bears
  A necrophage (D:3)
  A centaur (D:6)
  5 phantoms
  A lemure (D:5)
  A kobold brigand (D:7)
  2 bullfrogs
  A scorpion (D:5)
  2 wights (D:8)
  6 electric eels (D:6)
  A howler monkey (D:6)
  A bullfrog zombie (D:7)
  A hound (D:6)
  A centaur zombie (D:5)
  3 jellies
  2 orc priests (D:4)
  2 centaur skeletons
  Ijyb (D:3)
  An orc wizard (D:8)
  2 hound skeletons (D:5)
  A howler monkey zombie (D:7)
  Robin (D:2)
  4 adders
  An ufetubus (D:5)
  4 worms
  2 dart slugs (D:2)
  12 orcs
  3 ball pythons
  4 endoplasms
  3 giant cockroaches
  15 goblins
  5 hobgoblins
  4 jackals
  A quokka (D:5)
  3 frilled lizards (D:2)
  15 kobolds
  7 rats
135 creatures vanquished.

Table legend: (Time is in decaauts)
 A = Elapsed time spent in this place.
 B = Non-inter-level travel time spent in this place.
 C = Inter-level travel time spent in this place.
 D = Time resting spent in this place.
 E = Time spent auto-exploring this place.
 F = Levels seen in this place.
 G = Mean time per level.
                   A        B        C        D        E       F      G
               +--------+--------+--------+--------+--------+-----+--------+
         Total |   8386 |   8127 |    259 |   1773 |   5263 |   8 | 1048.2 |
       Dungeon |   8386 |   8127 |    259 |   1773 |   5263 |   8 | 1048.2 |
               +--------+--------+--------+--------+--------+-----+--------+

Top non-repeatable levels by time:
     D:6: 1645 daAuts
     D:7: 1599 daAuts
     D:5: 1351 daAuts
     D:4: 970 daAuts
     D:2: 884 daAuts
     D:3: 806 daAuts
     D:8: 676 daAuts
     D:1: 452 daAuts

Table legend:
 A = Non-vault XP
 B = Vault XP
 C = Vault XP percentage of total XP
 D = Non-vault monster count
 E = Vault monster count
 F = Vault count percentage of total count
                 A         B        C        D         E       F
            +---------+---------+-------+---------+---------+-------
      Total |    4294 |    1142 |  21.0 |     116 |      18 |  13.4
            +---------+---------+-------+---------+---------+-------
        D:1 |       6 |       1 |  14.3 |       4 |       1 |  20.0
        D:2 |      61 |      33 |  35.1 |      24 |      10 |  29.4
        D:3 |     251 |     174 |  40.9 |      13 |       2 |  13.3
        D:4 |     169 |     262 |  60.8 |      17 |       1 |   5.6
        D:5 |     625 |     663 |  51.5 |      14 |       1 |   6.7
        D:6 |    1390 |       4 |   0.3 |      18 |       2 |  10.0
        D:7 |     626 |       5 |   0.8 |      13 |       1 |   7.1
        D:8 |    1166 |       0 |   0.0 |      13 |       0 |   0.0
            +---------+---------+-------+---------+---------+-------
